 Dungeon Crawl Stone Soup version 0.29-a0-495-g17b79114eb (webtiles) character file.

Game seed: 6652103668394613350

282 spaghetti the Sneak (level 6, 9/42 HPs)
             Began as an Octopode Chaos Knight on May 27, 2022.
             Was a Plaything of Xom.
             Quit the game on level 4 of the Dungeon.
             The game lasted 00:05:22 (3143 turns).

spaghetti the Sneak (Octopode Chaos Knight)         Turns: 3143, Time: 00:05:23

Health: 9/42       AC:  1    Str: 12      XL:     6   Next: 28%
Magic:  2/2        EV: 10    Int: 16 (17) God:    Xom [......]
Gold:   138        SH:  0    Dex:  7 (9)  Spells: 5/5 levels left

rFire   . . .      SeeInvis .   t - +8 dagger of Vuderovu {antimagic, Fly Int+3, short}
rCold   . . .      Faith    .   (no shield)
rNeg    . . .      Spirit   .   (helmet restricted)
rPois   .          Reflect  .   (no amulet)
rElec   .          Harm     .   (no ring)
rCorr   .          Rampage  .   (no ring)
Will    .....                   (no ring)
Stlth   ++++......              (no ring)
HPRegen 0.14/turn               (no ring)
MPRegen 0.08/turn               (no ring)
                                (no ring)
                                (no ring)

@: mildly poisoned (9 -> 7), flying, constricted
A: almost no armour, amphibious, 8 rings, camouflage 1, gelatinous body 1,
(nimble swimmer 1), tentacles, clumsy 1, deterioration 2, dopey 1, wild magic 1
a: Renounce Religion


You were on level 4 of the Dungeon.
You worshipped Xom.
You were a very special plaything of Xom.
You visited 1 branch of the dungeon, and saw 4 of its levels.

You collected 138 gold pieces.


Innate Abilities, Weirdness & Mutations

You cannot wear most types of armour.
You are amphibious.
You can wear up to eight rings at the same time.
Your skin changes colour to match your surroundings (Stealth+).
Your rubbery body absorbs attacks. (AC +1, EV +1)
((You are camouflaged when in or above water. (Stealth+)))
You have tentacles for arms and can constrict up to eight enemies at once.
You are clumsy. (Dex -2)
Your body often deteriorates upon taking damage.
You are dopey. (Int -2)
Your spells are a little harder to cast, but a little more powerful.


   Skills:
 - Level 3.0 Fighting
 + Level 5.2 Short Blades
 - Level 0.6 Axes
 - Level 2.3 Dodging
 + Level 5.8 Stealth


You had 5 spell levels left.
You didn't know any spells.
Your spell library contained the following spells:

 Spells                   Type           Power      Damage    Failure   Level
 Fulminant Prism          Conj/Hex       0%         3d6       96%         4
 Iskenderun's Mystic Bla  Conj/Tloc      0%         2d3       96%         4
 Lee's Rapid Deconstruct  Erth           0%         3d5*      100%        5

Inventory:

Hand Weapons
 a - a +0 short sword of chaos {short}
 o - a +5 battleaxe of chaos {axe}
   (Xom gifted it to you on level 2 of the Dungeon)
 t - the +8 dagger of Vuderovu (weapon) {antimagic, Fly Int+3, short}
   (You found it on level 2 of the Dungeon)

   It reduces the magical energy of the wielder, and disrupts the spells and
   magical abilities of those it strikes.
   Natural abilities and divine invocations are not affected.
   Int:       It affects your intelligence (+3).
   Fly:       It grants you flight.
 u - a +0 club {mace}
   (Xom gifted it to you on level 3 of the Dungeon)
Missiles
 c - 137 stones (quivered) {throwing}
 m - 3 poisoned darts {throwing}
 r - 6 javelins {throwing}
Scrolls
 g - 2 scrolls of amnesia {unknown}
 h - a scroll of enchant armour {unknown}
 i - a scroll of immolation {unknown}
 j - a scroll of fog {unknown}
 k - 3 scrolls of identify {unknown}
 q - a scroll of torment {unknown}
 s - a scroll of noise {unknown}
 w - a scroll of magic mapping {!r}
Potions
 v - 2 potions of flight
Miscellaneous
 b - a piece from Xom's chessboard (15/15)

Dungeon Overview and Level Annotations

Branches:
Dungeon (4/15)
 Temple: D:4-7

Altars:
Makhleb
Ru
Xom
The Shining One

Shops:
D:3

[( *...,,,,,,,,,,,,,*
#...,,,.....,,,,,* ##
#..#***....#***,,* .# #..#
*....# *,,* .# #..# *....#
*,,* .#
######..####.$..###*,,*
.#####....#.............,,,*
..........'.....rS!.....,,,*
######.##.'.....@S.$....,,,*
,,,,...####.....Sh...$..,,,*
***##### #..####....###*,,*
#..# *....# *,,* #..# *....#
*,,* #..#***....#***,,*
#...,,,......,,,,*
#...,,,......,,,,*
******************


You could see a hound, an adder, a quokka and 2 ball pythons.


Message History

You impale the kobold!!
You kill the kobold!
No target in view!
No target in view!
No target in view!
No target in view!
No target in view!
No target in view!
No target in view!
Things that are here:
a +0 short sword {short}; a +0 hand crossbow {crossbow}
c - 137 stones {throwing} (gained 14)
You reach down and open the large door.
There is a large open door here.
Key pressed, stopping explore.
An adder comes into view.
A kobold and a quokka come into view.
A hound comes into view.
The kobold shouts!
A ball python comes into view.
The adder hisses angrily.
You hit the adder. Your grab misses the adder.
The kobold hits you with a +0 dagger.
A ball python comes into view.
The adder misses you. 😕 HP[-1]
You take 1 damage, and now have 41/42 hp.
The ball python hisses angrily.
You hit the adder. Your grab misses the adder. Your squeeze misses the adder.
The adder bites you. The kobold hits you with a +0 dagger.
The hound bites you. 😕 HP[-7]
You take 7 damage, and now have 34/42 hp.
You are too injured to fight recklessly!
You are too injured to fight recklessly!
You are too injured to fight recklessly!
You are too injured to fight recklessly!
You are too injured to fight recklessly!
You are too injured to fight recklessly!
You are too injured to fight recklessly!
Unknown command.
You hit the kobold. Your grab misses the kobold. You squeeze the kobold.
You kill the kobold!
The ball python closely misses you. The ball python barely misses you.
The adder bites you. The hound bites you.
Your body deteriorates!
You feel clumsy. 😮 HP[-10]
You take 10 damage, and now have 24/42 hp.
MASSIVE DAMAGE!! (PAUSE) Unknown command.
You hit the hound. Your grab misses the hound. The adder misses you.
The ball python barely misses you. The ball python misses you.
The hound barely misses you. The quokka closely misses you. 😮 HP[+1]
You hit the hound. Your grab misses the hound. The adder bites you.
You are poisoned.
The adder poisons you! The hound misses you.
The ball python closely misses you. The ball python grabs you.
The ball python constricts you. The quokka bites you.
* * * LOW HITPOINT WARNING * * *
😨 HP[-5]
You take 5 damage, and now have 20/42 hp.
Unknown command.
Unknown command.
You puncture the hound! Your grab misses the hound.
You feel sick. The hound bites you.
* * * LOW HITPOINT WARNING * * *
Your body deteriorates!
You feel clumsy. The ball python bites you.
* * * LOW HITPOINT WARNING * * *
The ball python constricts you.
* * * LOW HITPOINT WARNING * * *
The adder closely misses you. The quokka bites you.
* * * LOW HITPOINT WARNING * * *
😱 HP[-13]
You take 13 damage, and now have 7/42 hp.
MASSIVE DAMAGE!! (PAUSE) Unknown command.
You feel much better.
You feel sick. The hound bites you. The adder bites you.
The ball python bites you.
* * * LOW HITPOINT WARNING * * *
The ball python constricts you. The quokka bites you.
* * * LOW HITPOINT WARNING * * *
The hound bites you.
* * * LOW HITPOINT WARNING * * *
😨 HP[+10]
You regained 10 hp, and now have 17/42 hp.
As you read the scroll labelled CAXUOX SELIUL, it crumbles to dust.
You feel aware of your surroundings.
You sensed 1 altar.
It was a scroll of magic mapping.
You feel sick. The adder misses you. The ball python barely misses you.
The ball python constricts you.
* * * LOW HITPOINT WARNING * * *
The hound bites you.
* * * LOW HITPOINT WARNING * * *
The quokka barely misses you. The ball python closely misses you.
The adder closely misses you. 😱 HP[-8]
You take 8 damage, and now have 9/42 hp.
Unknown command.
Are you sure you want to abandon this character and quit the game? (Confirm with "yes".)

Skill      XL: |  1  2  3  4  5 |
---------------+----------------+-----
Stealth        | 1 2 3 4 5 |  5.8
Short Blades   | 4 5 |  5.2
Fighting       | |  3.0
Axes           | |  0.6
Dodging        | |  2.3

Action                   |  1- 3 |  4- 6 || total
-------------------------+-------+-------++-------
Melee: Short sword       |    50 |       ||    50
       Tentacles         |    10 |     6 ||    16
       Constrict         |    12 |     4 ||    16
       Battleaxe         |     4 |       ||     4
       Dagger            |    30 |    40 ||    70
  Use: Potion            |       |     8 ||     8
       Scroll            |       |     1 ||     1
 Stab: Sleeping          |     6 |     5 ||    11
       Distracted        |     1 |       ||     1
Armor: Skin              |    13 |     1 ||    14
Dodge: Dodged            |    49 |    37 ||    86

Levels and vault maps discovered:
D:1:      dpeg_arrival_renting, layout_rooms, chequers_serial_rivers_micro_a,
          st_stairs_12, minivault_14
D:2:      layout_basic, serial_forest, infiniplex_forest_lined_3_way,
          infiniplex_forest_end_2, infiniplex_forest_straight_5,
          infiniplex_forest_end_1, infiniplex_forest_lined_3_way,
          infiniplex_forest_clump_diagonal, basic_altar
D:3:      layout_rooms, mainiacjoe_overflow_paths,
          lemuel_coloured_pillars_altar, xom_redecorated,
          chequers_ecumenical_altar_grove, serial_shops,
          nicolae_shop_statue_plus, nicolae_lakefront_shop, shop,
          nicolae_shop_behind_doors, supply_closet_lemuel
D:4:      layout_loops_ring, nicolae_sif_muna_little_library, kennysheep_dice,
          uniq_crazy_yiuf_cottage, uniq_eustachio

Notes
Turn   | Place    | Note
-------+----------+-------------------------------------------
     0 | D:1      | spaghetti the Octopode Chaos Knight began the quest for the
                  | Orb.
     0 | D:1      | Reached XP level 1. HP: 16/16 MP: 1/1
     0 | D:1      | magus.rc [v1.9.6]
    94 | D:1      | Reached skill level 1 in Stealth
   134 | D:1      | Reached XP level 2. HP: 10/21 MP: 2/2
   336 | D:1      | XOM: 1-stop teleportation journey
   476 | D:1      | Reached skill level 2 in Stealth
   731 | D:2      | Found a burning altar of Makhleb.
  1014 | D:2      | XOM: 1-stop teleportation journey
  1035 | D:2      | XOM: scenery: create altars
  1049 | D:2      | XOM: god gift: +5 battleaxe of chaos
  1280 | D:2      | Reached XP level 3. HP: 25/26 MP: 3/3
  1348 | D:2      | XOM: scenery: create altars
  1603 | D:2      | Identified the +8 dagger of Vuderovu {antimagic, Fly Int+3}
  1870 | D:2      | XOM: cloud trail
  1932 | D:3      | Found a shimmering altar of Xom.
  1934 | D:3      | Found a shimmering altar of Xom.
  1934 | D:3      | Found a shimmering altar of Xom.
  1934 | D:3      | Found a shimmering altar of Xom.
  1978 | D:3      | Found Dahejug's Antique Armour Boutique.
  2085 | D:3      | XOM: god gift: club {god gift}
  2127 | D:3      | Found a sacrificial altar of Ru.
  2184 | D:3      | Reached skill level 3 in Stealth
  2187 | D:3      | XOM: fog
  2194 | D:3      | You pick up a book of Blasting and begin reading...
  2194 | D:3      | You add the spells Fulminant Prism, Iskenderun's Mystic
                  | Blast and Lee's Rapid Deconstruction to your library.
  2343 | D:3      | XOM: cloud trail
  2394 | D:3      | Found Venigharch's Weapon Boutique.
  2395 | D:3      | Found a glowing golden altar of the Shining One.
  2416 | D:3      | Reached XP level 4. HP: 31/31 MP: 1/4
  2493 | D:3      | Reached skill level 4 in Short Blades
  2502 | D:3      | Noticed a scorpion
  2503 | D:3      | a scorpion changed into an iguana
  2503 | D:3      | XOM: polymorph scorpion -> iguana
  2692 | D:4      | HP: 9/46 [quokka (3)]
  2705 | D:4      | Noticed an orc warrior
  2707 | D:4      | XOM: scenery: create altars
  2712 | D:4      | Gained mutation: Your body sometimes deteriorates upon
                  | taking damage. [potion of mutation]
  2712 | D:4      | Gained mutation: Your spells are a little harder to cast,
                  | but a little more powerful. [potion of mutation]
  2733 | D:4      | Reached skill level 4 in Stealth
  2733 | D:4      | Reached XP level 5. HP: 21/36 MP: 1/5
  2735 | D:4      | XOM: confuse monster(s)
  2738 | D:4      | Killed an orc warrior
  2739 | D:4      | Reached skill level 5 in Stealth
  2749 | D:4      | XOM: summons 1 hostile demon
  2815 | D:4      | XOM: summons 1 hostile demon
  2898 | D:4      | XOM: give mutations
  2898 | D:4      | Gained mutation: You are clumsy. (Dex -2) [Xom's mischief]
  2898 | D:4      | Gained mutation: Your body often deteriorates upon taking
                  | damage. [Xom's mischief]
  2898 | D:4      | Gained mutation: You are dopey. (Int -2) [Xom's mischief]
  2957 | D:4      | Reached skill level 5 in Short Blades
  3101 | D:4      | Reached XP level 6. HP: 42/42 MP: 2/6
  3140 | D:4      | HP: 10/42 [constriction (1)]
  3143 | D:4      | Quit the game

Vanquished Creatures
  An orc warrior (D:4)
  A scorpion (D:4)
  An orc priest (D:4)
  An orc wizard (D:4)
  4 worms
  2 dart slugs (D:2)
  10 orcs
  2 endoplasms (D:2)
  3 goblins
  5 hobgoblins
  3 jackals (D:2)
  6 kobolds
  2 quokkas
  5 ball pythons
  3 bats
  2 frilled lizards (D:1)
  5 rats
56 creatures vanquished.

Vanquished Creatures (others)
  A plant (D:2)
1 creature vanquished.

Grand Total: 57 creatures vanquished

Table legend:
 A = Non-vault XP
 B = Vault XP
 C = Vault XP percentage of total XP
 D = Non-vault monster count
 E = Vault monster count
 F = Vault count percentage of total count
                 A         B        C        D         E       F
            +---------+---------+-------+---------+---------+-------
      Total |     399 |       5 |   1.2 |      53 |       3 |   5.4
            +---------+---------+-------+---------+---------+-------
        D:1 |      17 |       3 |  15.0 |      13 |       2 |  13.3
        D:2 |      29 |       0 |   0.0 |      12 |       0 |   0.0
        D:3 |      43 |       0 |   0.0 |      16 |       0 |   0.0
        D:4 |     310 |       2 |   0.6 |      12 |       1 |   7.7
            +---------+---------+-------+---------+---------+-------

Illustrated notes

Table legend:
 A = Kills in this place as a percentage of kills in entire the game.
 B = Kills by you in this place as a percentage of kills by you in the entire game.
 C = Kills by friends in this place as a percentage of kills by friends in the entire game.
 D = Other kills in this place as a percentage of other kills in the entire game.
 E = Experience gained in this place as a percentage of experience gained in the entire game.
 F = Experience gained in this place divided by the number of levels of this place that you have seen.
                   A       B       C       D       E      F
               +-------+-------+-------+-------+-------+----------------------
         Total | 100.0 | 100.0 |   N/A |   N/A | 100.0 | 101.0
       Dungeon | 100.0 | 100.0 |   N/A |   N/A | 100.0 | 101.0
               +-------+-------+-------+-------+-------+----------------------

Table legend: (Time is in decaauts)
 A = Elapsed time spent in this place.
 B = Non-inter-level travel time spent in this place.
 C = Inter-level travel time spent in this place.
 D = Time resting spent in this place.
 E = Time spent auto-exploring this place.
 F = Levels seen in this place.
 G = Mean time per level.
                   A        B        C        D        E       F      G
               +--------+--------+--------+--------+--------+-----+--------+
         Total |   3133 |   3074 |     59 |     19 |   2634 |   4 |  783.2 |
       Dungeon |   3133 |   3074 |     59 |     19 |   2634 |   4 |  783.2 |
               +--------+--------+--------+--------+--------+-----+--------+

Top non-repeatable levels by time:
     D:2: 1277 daAuts
     D:1: 650 daAuts
     D:4: 629 daAuts
     D:3: 576 daAuts
